 Dungeon Crawl Stone Soup version 0.28.0-43-g3370ac3207 (webtiles) character file.

Game seed: 3582738750258004789

638 CrazyMind the Conjurer (level 7, -1/51 HPs)
             Began as a Green Draconian Conjurer on Mar 13, 2022.
             Shot with an arrow by a centaur (11 damage)
             ... on level 5 of the Dungeon.
             The game lasted 00:24:59 (6512 turns).

CrazyMind the Conjurer (Green Draconian Conjurer)   Turns: 6512, Time: 00:25:00

Health: -1/51      AC:  7    Str:  9    XL:     7   Next: 25%
Magic:  13/13      EV: 11    Int: 21    God:
Gold:   158        SH:  3    Dex:  9    Spells: 4/14 levels left

rFire   + . .      SeeInvis .   p - staff of conjuration
rCold   . . .      Faith    .   j - +0 buckler
rNeg    . . .      Spirit   .   (armour unavailable)
rPois   +          Reflect  .   (helmet restricted)
rElec   .          Harm     .   (no cloak)
rCorr   .          Rampage  .   t - +0 pair of gloves
Will    .....                   (no boots)
Stlth   ++........              (no amulet)
HPRegen 0.17/turn               s - ring of protection from fire
MPRegen 0.13/turn               (no ring)

@: marked
A: breathe noxious fumes, AC +6, unfitting armour, poison resistance,
cold-blooded
a: Breathe Noxious Fumes


You were on level 5 of the Dungeon.
You visited 1 branch of the dungeon, and saw 5 of its levels.
You also visited: Sewer.

You collected 158 gold pieces.

Inventory:

Hand Weapons
 e - a +0 whip
 i - a +0 dagger of venom
Missiles
 a - 195 stones
 c - 10 poisoned darts (quivered)
 f - 5 javelins
 n - a throwing net
Armour
 j - a +0 buckler (worn)
 t - a +0 pair of gloves (worn)
Magical Staves
 p - a staff of conjuration (weapon)
Jewellery
 s - a ring of protection from fire (left hand)
Scrolls
 g - 5 scrolls of teleportation
 o - 2 scrolls of brand weapon {unknown}
 q - a scroll of enchant weapon {unknown}
 r - a scroll of vulnerability {unknown}
Potions
 b - a potion of haste
 d - 2 potions of lignification
 h - 2 potions of might
 k - 4 potions of magic
 l - a potion of experience {unknown}
 m - a potion of mutation {unknown}


   Skills:
 + Level 0.8 Fighting
 + Level 0.2 Staves
 + Level 2.8 Dodging
 - Level 1.7 Stealth
 * Level 1.6 Shields
 + Level 4.1 Spellcasting
 * Level 6.9 Conjurations
 * Level 1.0 Evocations


You had 4 spell levels left.
You knew the following spells:

 Your Spells              Type           Power      Damage    Failure   Level
a - Magic Dart            Conj           100%       1d8       1%          1
b - Searing Ray           Conj           100%       2d8       1%          2
c - Dazzling Flash        Conj/Hex       56%        N/A       11%         3
d - Fulminant Prism       Conj/Hex       14%        3d9       36%         4

Your spell library contained the following spells:

 Spells                   Type           Power      Damage    Failure   Level
 Iskenderun's Mystic Bla  Conj/Tloc      28%        2d7       36%         4


Dungeon Overview and Level Annotations

Branches:
Dungeon (5/15)              Sewer (visited)
 Temple: D:4-7

Altars:
Ashenzari
Cheibriados


Innate Abilities, Weirdness & Mutations

You can breathe blasts of noxious fumes.
Your lurid green scales are hard. (AC +6)
You cannot fit into any form of body armour.
Your system is resistant to poisons. (rPois)
You are cold-blooded and may be slowed by cold attacks.


Message History

Press: ? - help, v - describe, . - travel
Here: a hound skeleton The floor.
Cast which spell? (? or * to list)
Aiming: Searing Ray (safe; 1% risk of failure)
Press: ? - help, Shift-Dir - straight line, f - hound skeleton
Aim: a hound skeleton (92% to hit)
You feel a surge of power!
The searing ray hits the hound skeleton!
The hound skeleton is heavily damaged. (Press . to maintain the ray.)
The searing ray hits the hound skeleton!
The hound skeleton is almost destroyed.
The hound skeleton barely misses you.
The searing ray hits the hound skeleton.
You destroy the hound skeleton!
You start resting.
Magic restored.
There is a stone staircase leading up here.
You now have 158 gold pieces (gained 5).
Found a stone staircase leading down.
A centaur comes into view.
The centaur shouts!
The centaur wields a +0 shortbow.
The centaur shoots an arrow.
You block the arrow.
The centaur pulls the alarm!
The alarm trap emits a blaring wail!
A sentinel's mark forms upon you.
You hear an angry hiss. x2; You hear a shout!
The centaur shoots an arrow.
The arrow closely misses you.
The centaur shoots an arrow.
The arrow hits you!
The centaur shoots an arrow.
The arrow hits you.
The centaur shoots an arrow.
The arrow closely misses you.
The centaur shoots an arrow.
The arrow hits you!
The centaur shoots an arrow.
The arrow hits you.
The centaur shoots an arrow.
The arrow hits you.
The centaur shoots an arrow.
The arrow hits you!
* * * LOW HITPOINT WARNING * * *
The centaur shoots an arrow.
The arrow hits you!
You die...

. ..# #...# #..c#######
########### #.>.....#
...##.....## #######.#
...........## #.###
............#################...#
................@......c.........
............#####################
............# ..>.........#
............# ...........##
...##.....## ######


You could see a centaur.

Vanquished Creatures
  An ice beast (D:4)
  A phantom (D:4)
  A kobold brigand (Sewer)
  A scorpion (D:4)
  Natasha (D:3)
  An orc wizard (D:3)
  A hound skeleton (D:5)
  9 adders
  7 river rats (Sewer)
  A worm (D:2)
  2 dart slugs
  11 orcs
  3 bats
  5 endoplasms
  6 goblins
  6 hobgoblins
  6 jackals
  2 quokkas
  12 ball pythons
  A frilled lizard (D:2)
  25 kobolds
  21 rats
124 creatures vanquished.

Notes
Turn   | Place    | Note
-------+----------+-------------------------------------------
     0 | D:1      | CrazyMind the Draconian Conjurer began the quest for the
                  | Orb.
     0 | D:1      | Reached XP level 1. HP: 14/14 MP: 3/3
   516 | D:1      | Reached XP level 2. HP: 20/20 MP: 3/5
   541 | D:1      | Learned a level 2 spell: Searing Ray
  1741 | D:2      | Reached XP level 3. HP: 26/26 MP: 3/6
  1752 | D:2      | Learned a level 3 spell: Dazzling Flash
  2358 | D:2      | Reached skill level 5 in Conjurations
  2735 | D:3      | Reached XP level 4. HP: 28/33 MP: 2/7
  2837 | D:3      | Found a broken altar of Ashenzari.
  3157 | D:3      | Found a glowing drain.
  3166 | Sewer    | Entered a sewer
  3278 | Sewer    | Reached XP level 5. HP: 38/38 MP: 2/8
  4160 | Sewer    | Reached skill level 6 in Conjurations
  4238 | Sewer    | Reached XP level 6. HP: 29/46 MP: 0/11
  4265 | Sewer    | Learned a level 4 spell: Fulminant Prism
  4916 | D:3      | Found a snail-covered altar of Cheibriados.
  4924 | D:3      | Noticed Natasha
  5040 | D:3      | Killed Natasha
  5755 | D:4      | Reached skill level 1 in Shields
  5755 | D:4      | Your scales start taking on a lurid green colour.
  5755 | D:4      | Reached XP level 7. HP: 51/51 MP: 3/12
  5755 | D:4      | Gained mutation: Your system is resistant to poisons.
                  | (rPois) [Green Draconian growth]
  5876 | D:4      | Reached skill level 1 in Evocations
  6408 | D:5      | Entered Level 5 of the Dungeon
  6512 | D:5      | Shot with an arrow by a centaur

Illustrated notes

Levels and vault maps discovered:
D:1:      eino_arrival_druids_welcome, layout_basic,
          hangedman_abyss_or_decor_stabs, minivault_26
D:2:      layout_basic, serial_glass, glass_columns_a, glass_columns_c,
          chequers_serial_rivers_micro_b
D:3:      layout_rooms, mainiacjoe_overflow_catwalk_spiral,
          portal_sewer_entry_d, uniq_natasha
D:4:      layout_loops_ring
D:5:      layout_rooms, nicolae_qazlal_style_of_elements,
          minmay_temple_entry_trees, gammafunk_ghost_split

Skill      XL: |  1  2  3  4  5  6  7 |
---------------+----------------------+-----
Dodging        | 2 |  2.8
Conjurations   | 5 6 |  6.9
Spellcasting   | 3 4 |  4.1
Shields        | 1 |  1.6
Evocations     | 1 |  1.0
Fighting       | |  0.8
Staves         | |  0.2
Stealth        | |  1.7

Action                   |  1- 3 |  4- 6 |  7- 9 || total
-------------------------+-------+-------+-------++-------
Melee: Trident           |    14 |       |       ||    14
       Tailslap          |     3 |     4 |     4 ||    11
       Dagger            |     5 |    23 |       ||    28
       Staff             |       |    16 |    22 ||    38
Throw: Stone             |     5 |     1 |       ||     6
       Javelin           |       |     2 |       ||     2
       Dart              |       |     8 |     2 ||    10
 Cast: Magic Dart        |    19 |    46 |       ||    65
       Searing Ray       |    21 |    39 |     4 ||    64
 Abil: Breathe Noxious F |       |       |     1 ||     1
  Use: Scroll            |       |     6 |       ||     6
       Potion            |       |     1 |       ||     1
 Stab: Sleeping          |     2 |       |       ||     2
Armor: Skin              |    17 |    26 |     3 ||    46
Dodge: Dodged            |    32 |    49 |    22 ||   103
Block: Buckler           |     2 |     7 |     4 ||    13
